 Dungeon Crawl Stone Soup version 0.31.0-11-ge490571c62 (webtiles) character file.

Game seed: 2317042116340944876

2174 Arcadio the Geomancer (level 9, -2/45 HPs)
             Began as a Gargoyle Earth Elementalist on Jan 28, 2024.
             Was a Believer of Sif Muna.
             Killed by divine providence
             ... invoked by Jeremiah
              (12 damage)
             ... on level 7 of the Dungeon.
             The game lasted 00:15:09 (5955 turns).

Arcadio the Geomancer (Gargoyle Earth Elementalist) Turns: 5955, Time: 00:15:10

Health: -2/45      AC: 17    Str: 18    XL:     9   Next: 32%
Magic:  3/18       EV: 11    Int: 20    God:    Sif Muna [**....]
Gold:   301        SH:  0    Dex: 10    Spells: 13/21 levels left

rFire   . . .        q - staff of earth
rCold   . . .        (no shield)
rNeg    + . .        e - +0 leather armour
rPois   ∞            (no helmet)
rElec   +            s - +2 cloak
rCorr   .            u - +2 pair of gloves
SInv    .            (no boots)
Will    .....        C - amulet of faith
Stlth   ++           n - +6 ring of strength
HPRegen 0.27/turn    w - ring of flight
MPRegen 0.16/turn

%: faith
@: about to teleport, flying
A: sickness immunity, AC +6, negative energy resistance 1, electricity
resistance, torment resistance 1, petrification resistance
a: Renounce Religion, Channel Magic


You were on level 7 of the Dungeon.
You worshipped Sif Muna.
Sif Muna was pleased with you.
You visited 2 branches of the dungeon, and saw 9 of its levels.

You collected 473 gold pieces.
You spent 172 gold pieces at shops.

Inventory:

Hand Weapons
 f - a +0 lajatang
 k - a +1 vampiric short sword
 E - a +2 dagger of holy wrath
Armour
 e - a +0 leather armour (worn)
 j - a +0 ring mail
 s - a +2 cloak (worn)
 u - a +2 pair of gloves (worn)
 F - a +0 scale mail
 H - a +0 chain mail
Magical Staves
 q - a staff of earth (weapon)
Jewellery
 n - a +6 ring of strength (left hand)
 w - a ring of flight (right hand)
 C - an amulet of faith (around neck)
Wands
 x - a wand of mindburst (9)
Scrolls
 g - 2 scrolls of enchant armour
 i - 2 scrolls of teleportation
 l - a scroll of vulnerability {unknown}
 m - 2 scrolls of blinking {unknown}
 o - 3 scrolls of noise {unknown}
 p - a scroll of revelation {unknown}
 r - a scroll of identify
 t - a scroll of poison {unknown}
 y - 2 scrolls of amnesia {unknown}
 B - a scroll of fear {unknown}
 G - a scroll of immolation {unknown}
Potions
 a - a potion of berserk rage {unknown}
 b - 4 potions of magic
 c - a potion of ambrosia {unknown}
 d - a potion of resistance
 h - a potion of attraction
 v - 2 potions of heal wounds {unknown}
 z - 2 potions of mutation
 A - a potion of degeneration {unknown}
 D - a potion of enlightenment {unknown}
 I - a potion of might {unknown}


   Skills:
 + Level 7.5 Armour
 - Level 1.5 Dodging
 - Level 2.1 Stealth
 + Level 6.6 Spellcasting
 - Level 1.1 Conjurations
 + Level 9.1 Earth Magic


You had 13 spell levels left.
You knew the following spells:

 Your Spells              Type           Power      Damage    Failure   Level
a - Sandblast             Erth           100%       2d20      1%          1
b - Stone Arrow           Conj/Erth      80%        3d12      4%          3
c - Brom's Barrelling Bo  Conj/Erth      40%        2d6       14%         4

Your spell library contained the following spells:

 Spells                   Type           Power      Damage    Failure   Level
 Passwall                 Erth           59%        N/A       1%          3
 Foxfire                  Conj/Fire      32%        2x1d5     9%          1
 Petrify                  Alch/Erth      37%        N/A       17%         4
 Plasma Beam              Fire/Air       3%         2x1d13    100%        6
 Starburst                Conj/Fire      4%         6d3       100%        6


Dungeon Overview and Level Annotations

Branches:
Dungeon (8/15)             Temple (1/1) D:5
   Lair: D:8-11

Altars:
Ashenzari
Elyvilon
Fedhas
Gozag
Hepliaklqana
Kikubaaqudgha
Makhleb
Nemelex Xobeh
Qazlal
Ru
Sif Muna
Trog
Uskayaw
Vehumet
Wu Jian
Xom
Yredelemnul
Zin
The Shining One

Shops:
D:1 (   D:4 [

Annotations:
D:6 3 runed translucent doors, Sora's ghost, novice SpHu
D:7 Jeremiah


Innate Abilities, Weirdness & Mutations

You are immune to sickness and miasma.
Your stone body is resilient. (AC +6)
You are immune to poison.
You resist negative energy. (rN+)
You are resistant to electric shocks. (rElec)
You are resistant to unholy torment.
You are immune to petrification.


Message History

The killer bee stings you. The killer bee stings you.
You see here a killer bee corpse.
The killer bee stings you but does no damage.
Things that are here:
a killer bee corpse; a killer bee corpse
Casting: Stone Arrow (dangerous; 4% risk of failure)
Confirm with . or Enter, or press ? or * to list all spells.
Aiming: Sandblast (safe; 1% risk of failure)
Press: ? - help, Shift-Dir - straight line, f - killer bee
Aim: a killer bee (70% to hit)
You feel a surge of power!
The blast of sand misses the killer bee.
The blast of sand misses the yak.
The killer bee stings you. The killer bee barely misses you.
The killer bee stings you!
Casting: Sandblast (safe; 1% risk of failure)
Confirm with . or Enter, or press ? or * to list all spells.
Aiming: Sandblast (safe; 1% risk of failure)
Press: ? - help, Shift-Dir - straight line, f/p - killer bee
Aim: a killer bee (70% to hit)
You feel a surge of power!
The blast of sand hits the killer bee!!
You kill the killer bee!
Sif Muna accepts your kill.
Casting: Sandblast (safe; 1% risk of failure)
Confirm with . or Enter, or press ? or * to list all spells.
Aiming: Sandblast (safe; 1% risk of failure)
Press: ? - help, Shift-Dir - straight line, f - yak
Aim: a yak (91% to hit)
You feel a surge of power!
The blast of sand hits the yak.
The yak is lightly wounded.
The yak gores you. The yak gores you! The yak attacks as it pursues you!
The yak gores you! The yak attacks as it pursues you!
The yak closely misses you.
Okay, then.
As you read the scroll of teleportation, it crumbles to dust.
You feel strangely unstable.
Jeremiah lets out a twisted cry.
Something smites you!
You die...
Jeremiah says, "O terrible one, your will is done."

..##......# #....# #.....##
###### #.....# #.....####
#........# ## ####.#....# ##
#..## #.........# #.
.....#######.###...#############)
.###......[(....@Y...†bF†...F..bF
.#[#....###........######..b.###.
##+####.###.##.....# #....###.
#^# #............# #..b.#..F #.#
##..######...)# ...b....bb
^#.#§.#.## ###### #....#...#.
^#.#^##.# #....#.###. ^#.#^ #.#
#......# ## ##.####.# ...


You could see Jeremiah and a yak.

Vanquished Creatures
  A water moccasin (D:7)
  2 ice beasts
  A sky beast (D:7)
  A centaur (D:5)
  An ogre (D:4)
  A kobold brigand (D:7)
  2 bullfrogs (D:7)
  7 scorpions
  5 killer bees (D:7)
  3 howler monkeys
  A bombardier beetle (D:5)
  2 jellies
  An orc priest (D:5)
  3 hounds
  A sleepcap (D:4)
  4 iguanas
  Natasha (thrice) (D:2)
  2 orc wizards (D:6)
  3 gnolls (D:6)
  10 adders
  A white imp (D:5)
  2 ufetubi (D:6)
  2 dart slugs (D:4)
  8 orcs
  4 bats
  4 endoplasms
  3 giant cockroaches
  6 goblins
  6 hobgoblins
  6 jackals
  A quokka (D:4)
  5 ball pythons
  A frilled lizard (D:1)
  9 kobolds
  4 rats
116 creatures vanquished.

Notes
Turn   | Place    | Note
-------+----------+-------------------------------------------
     0 | D:1      | Arcadio the Gargoyle Earth Elementalist began the quest for
                  | the Orb.
     0 | D:1      | Reached XP level 1. HP: 10/10 MP: 3/3
   154 | D:1      | Found Xifapt's Weapon Boutique.
   247 | D:1      | Reached XP level 2. HP: 14/15 MP: 1/5
   536 | D:1      | Reached skill level 1 in Armour
  1014 | D:2      | Noticed Natasha
  1017 | D:2      | Reached skill level 4 in Earth Magic
  1021 | D:2      | Killed Natasha
  1022 | D:2      | Reached XP level 3. HP: 18/19 MP: 1/6
  1076 | D:2      | Learned a level 3 spell: Stone Arrow
  1412 | D:2      | Noticed Natasha
  1417 | D:2      | Killed Natasha
  1418 | D:2      | Reached XP level 4. HP: 18/24 MP: 2/8
  1489 | D:2      | Learned a level 4 spell: Brom's Barrelling Boulder
  1688 | D:2      | Found a faded altar of an unknown god.
  1984 | D:2      | Noticed Natasha
  1987 | D:2      | Killed Natasha
  1988 | D:2      | Reached XP level 5. HP: 28/28 MP: 3/9
  2079 | D:3      | Reached skill level 5 in Earth Magic
  2337 | D:3      | Noticed an ice beast
  2349 | D:3      | Killed an ice beast
  2350 | D:3      | Reached XP level 6. HP: 15/32 MP: 0/11
  3119 | D:4      | Found Ycwaegg's Antique Armour Shoppe.
  3127 | D:4      | Bought a pair of runed gloves for 172 gold pieces
  3416 | D:4      | Reached skill level 6 in Earth Magic
  3416 | D:4      | Reached XP level 7. HP: 36/36 MP: 5/13
  3659 | D:5      | Entered Level 5 of the Dungeon
  3681 | D:5      | Found a staircase to the Ecumenical Temple.
  3692 | Temple   | Entered the Ecumenical Temple
  3709 | Temple   | Became a worshipper of Sif Muna the Loreminder
  3849 | D:5      | Reached skill level 5 in Armour
  4100 | D:5      | Reached skill level 5 in Spellcasting
  4100 | D:5      | Reached skill level 7 in Earth Magic
  4100 | D:5      | Reached XP level 8. HP: 33/41 MP: 12/15
  4554 | D:6      | Noticed Sora's ghost (novice SpHu)
  4558 | D:6      | Noticed a troll
  4579 | D:6      | Found a runed translucent gate.
  4579 | D:6      | Found a runed translucent gate.
  4579 | D:6      | Found a runed translucent gate.
  4717 | D:6      | Found a sacrificial altar of Ru.
  4717 | D:6      | Found a white marble altar of Elyvilon.
  4731 | D:6      | Reached * piety under Sif Muna
  5267 | D:7      | Reached skill level 8 in Earth Magic
  5625 | D:7      | Reached XP level 9. HP: 40/45 MP: 13/18
  5795 | D:7      | Identified the +1 sling "Jury" {heavy, *Slow Will+ Dex+7}
  5851 | D:7      | Reached skill level 9 in Earth Magic
  5853 | D:7      | Reached ** piety under Sif Muna
  5917 | D:7      | Noticed Jeremiah
  5955 | D:7      | Killed from afar by Jeremiah

Illustrated notes

Levels and vault maps discovered:
D:1:      matt_arrival_diagonals, layout_basic, serial_shops,
          nicolae_shop_peninsula
D:2:      layout_loops_ring, shapermc_ecumenical_altar_ellora,
          mrwooster_statue_mirror, uniq_natasha, uniq_terence
D:3:      layout_basic, minmay_misc_feat_secret_circle
D:4:      minmay_chambers_of_threes, layout_cave_pools, serial_shops,
          nicolae_square_shop, st_stairs_13
D:5:      layout_basic, minmay_temple_entry_water_ring
D:6:      layout_basic, jmf_multi_god_temple, gammafunk_ghost_split
D:7:      layout_basic, grunt_tough_drop, uniq_jeremiah
D:8:      nzn_winding_woodlands_medium [nzn_winding_woodlands_5x5_cross,
          nzn_winding_woodlands_5x15_pool,
          nzn_winding_woodlands_5x5_closed_star,
          nzn_winding_woodlands_hourglass,
          nzn_winding_woodlands_center_triple_pond,
          nzn_winding_woodlands_5x5_three, nzn_winding_woodlands_5x5_default,
          nzn_winding_woodlands_5x15_garden,
          nzn_winding_woodlands_5x5_perimeter], layout_layer_cave,
          chequers_temple_overflow_statue_of_worship
Temple:   nicolae_temple_bog_church

Skill      XL: |  1  2  3  4  5  6  7  8  9 |
---------------+----------------------------+-----
Armour         | 1 2 3 4 5 6 7 |  7.5
Earth Magic    | 4 5 6 7 8 9 |  9.1
Spellcasting   | 3 4 5 6 |  6.6
Dodging        | |  1.5
Stealth        | |  2.1
Conjurations   | |  1.1

Action                     |  1- 3 |  4- 6 |  7- 9 || total
---------------------------+-------+-------+-------++-------
  Melee: Lajatang          |    14 |       |       ||    14
         Short sword       |       |    11 |     8 ||    19
   Cast: Sandblast         |    36 |    51 |   111 ||   198
         Stone Arrow       |       |     4 |    17 ||    21
    Use: Scroll            |     3 |     1 |     2 ||     6
 Armour: Robe              |    18 |     6 |       ||    24
         Leather armour    |       |    12 |    78 ||    90
  Dodge: Dodged            |    15 |    18 |    48 ||    81
